cohdb
Replays
Latest Replays
All Replays
Popular Replays
Top Player Replays
Match Explorer
How It Works
Community
CoH3 Stats
Reddit
Sign in to upload your games and track your stats! →
Sign in with Steam
Match 40778757
Unlisted
Match 40778757
Overview
Messages
Build Orders
End
Kettenkrad Recon Vehicle
Construct Infanterie Kompanie
Selects Terror Battlegroup
Selects Machine Gun Camouflage
Grenadier Squad
MG 42 Machine Gun Team
Grenadier Squad
Construct Panzergrenadier Kompanie
Pak 40 Anti-tank Gun Team
Medical Bunker
Kettenkrad Recon Vehicle
Support Elements
StuG III G Assault Gun
Construct Panzer Kompanie
Panzergrenadier Officer Quarters
Forward Retreat Point
Selects No Quarter
Pioneer Squad
Panzer IV Medium Tank
Side Skirts
Panzer Officer Quarters
MarcusGOW
Nuclear Viking
Seolani
spring
츄륩츄륩
Rubaka
0
0
Comments
sign in to comment!
No comments posted yet!